cohdb
Replays
Latest Replays
All Replays
Popular Replays
Top Player Replays
Match Explorer
How It Works
Community
CoH3 Stats
Reddit
Sign in to upload your games and track your stats! →
Sign in with Steam
Match 39240397
Unlisted
Match 39240397
Overview
Messages
Build Orders
End
Construct Section Command Post
Infantry Section
Infantry Section
Selects Indian Artillery Battlegroup
Infantry Section
Infantry Section
Construct Platoon Command Post
Selects Valour
Grenade Package
Unlock M3 Stuart Light Tanks
Infantry Training
M3 Stuart Light Tank
Selects Artillery Saturation
CMP 15cwt Truck
Light Vehicle Training
Selects Off-map Airburst Barrage
Construct Company Command Post
Honey
RitraXP
khj
Shadow Heart
Big Bang
Hurricane
氷川纱夜
caesar
0
0
Comments
sign in to comment!
No comments posted yet!